 Dungeon Crawl Stone Soup version 0.21-a0-1-gaf3b9a5 (webtiles) character file.

2564 Gorglomux the Slicer (level 9, -3/63 HPs)
             Began as a Halfling Monk on May 20, 2017.
             Was an Elder of Okawaru.
             Slain by Joseph
             ... wielding a +0 quarterstaff
              (16 damage)
             ... on level 7 of the Dungeon.
             The game lasted 00:19:22 (9486 turns).

Gorglomux the Slicer (Halfling Monk)                Turns: 9486, Time: 00:19:22

Health: -3/63      AC:  5    Str: 14    XL:     9   Next: 87%
Magic:  9/9        EV: 21    Int:  8    God:    Okawaru [****..]
Gold:   251        SH:  0    Dex: 18    Spells: 8/8 levels left

rFire    + . .     SeeInvis .   a - +0 dagger (venom)
rCold    + . .     Gourm    .   (shield restricted)
rNeg     . . .     Faith    .   t - +0 robe
rPois    .         Spirit   .   s - +0 helmet
rElec    .         Reflect  .   B - +0 cloak
rCorr    .         Harm     .   (no gloves)
MR       .....                  j - +0 pair of boots
Stlth    ++........             (no amulet)
Regen    0.2/turn               K - ring of protection from cold {rC+, !d}
MPRegen  0.2/turn               y - ring of protection from fire {rF+, !d}

@: no status effects
A: mutation resistance 1
a: Heroism, Renounce Religion


You were on level 7 of the Dungeon.
You worshipped Okawaru.
Okawaru was greatly pleased with you.
You were hungry.

You visited 2 branches of the dungeon, and saw 8 of its levels.

You collected 251 gold pieces.

Inventory:

Hand Weapons
 a - a +0 dagger of venom (weapon)
   (You took it off a kobold on level 1 of the Dungeon)
 b - a +1 hunting sling
   (You took it off a goblin on level 2 of the Dungeon)
Missiles
 e - 71 stones (quivered)
 r - 35 sling bullets
 I - a throwing net {=f, !d}
Armour
 j - a +0 pair of boots (worn)
   (You found it on level 2 of the Dungeon)
 s - a +0 helmet (worn)
   (You took it off Robin on level 1 of the Dungeon)
 t - a +0 robe (worn)
 B - a +0 cloak (worn)
   (You found it on level 3 of the Dungeon)
Jewellery
 u - a +4 ring of dexterity
   (You found it on level 4 of the Dungeon)
 y - a ring of protection from fire (right hand) {rF+, !d}
   (You found it on level 3 of the Dungeon)
 z - an uncursed ring of wizardry {Wiz+, !d}
   (You found it on level 3 of the Dungeon)
 K - a ring of protection from cold (left hand) {rC+, !d}
   (You found it on level 7 of the Dungeon)
Wands
 L - a wand of lightning (7/15)
   (You found it on level 7 of the Dungeon)
Scrolls
 d - a scroll of random uselessness {unknown}
 g - a scroll of blinking {!r}
 h - 2 scrolls of fog {unknown}
 i - 3 scrolls of enchant weapon
 m - 2 scrolls of immolation {!r}
 o - 2 scrolls of amnesia
 p - a scroll of fear
 q - 5 scrolls of remove curse
 w - 4 scrolls of teleportation {unknown}
 D - 2 scrolls of recharging {unknown}
 G - a scroll of noise {unknown}
 H - a scroll of magic mapping {unknown}
Potions
 k - a potion of mutation {!q}
 l - 5 potions of haste
 n - a potion of resistance
 v - a potion of agility
 A - 5 potions of flight
 E - a potion of might {unknown}
 F - 2 potions of curing
Books
 M - a book of Minor Magic
   (You found it on level 7 of the Dungeon)
Comestibles
 c - 3 bread rations {@e1}
 f - a royal jelly
 x - 2 meat rations {@e2}
 J - 3 fruits


   Skills:
 + Level 6.4 Fighting
 + Level 8.3 Short Blades
 + Level 8.3 Slings
 + Level 8.1 Dodging
 - Level 2.1 Stealth


You had 8 spell levels left.
You didn't know any spells.

Dungeon Overview and Level Annotations

Branches:
Dungeon (7/15)             Temple (1/1) D:4

Altars:
Ashenzari
Cheibriados
Dithmenos
Elyvilon
Fedhas
Gozag
Hepliaklqana
Kikubaaqudgha
Makhleb
Nemelex Xobeh
Okawaru
Qazlal
Ru
Sif Muna
Trog
Uskayaw
Vehumet
Wu Jian
Xom
Yredelemnul
Zin
The Shining One

Annotations:
D:4 2 transporters
D:7 Joseph


Innate Abilities, Weirdness & Mutations

You are small and have problems with some larger weapons.
You are somewhat resistant to further mutation.


Message History

L - a wand of lightning (?/15) Unknown command.
Found a stone staircase leading up.
M - a book of Minor Magic
q - 5 scrolls of remove curse (gained 3)
A centaur comes into view.
A centaur is nearby!
The centaur shouts!
You hear a shout!
The centaur misses you.
You hit the centaur but do no damage.
The centaur is poisoned.
The centaur hits you but does no damage.
You hit the centaur but do no damage.
The centaur looks as sick as possible!
The centaur closely misses you.
You barely miss the centaur. The centaur closely misses you.
You completely miss the centaur. The centaur hits you.
You hit the centaur but do no damage.
The centaur looks as sick as possible!
The centaur closely misses you.
You hit the centaur.
The centaur looks as sick as possible!
The centaur barely misses you.
You hit the centaur but do no damage.
The centaur looks as sick as possible!
The centaur barely misses you.
Joseph, a Mercenary comes into view.
He is wielding a quarterstaff.
The centaur misses you.
You completely miss the centaur. The centaur misses you.
Joseph hits you with a quarterstaff!
You closely miss the centaur. The centaur completely misses you.
You hit the centaur.
The centaur looks as sick as possible!
The centaur hits you. Joseph hits you with a quarterstaff!
You are too injured to fight recklessly!
Unknown command.
You gain the combat prowess of a mighty hero.
The centaur misses you.
Unknown command.
Your +0 dagger of venom stops dripping with poison.
b - a +1 hunting sling (weapon)
The centaur hits you. Joseph hits you with a quarterstaff!
* * * LOW HITPOINT WARNING * * *
Unknown command.
The centaur completely misses you.
Joseph unwields an uncursed quarterstaff.
Joseph wields a hunting sling.
Joseph shoots a sling bullet.
The sling bullet completely misses you. The centaur completely misses you.
Unknown command.
Aim: a centaur (almost dead, poisoned)
Okay, then.
You feel much better.
The centaur hits you but does no damage.
Joseph shoots a sling bullet.
The sling bullet hits you!!
* * * LOW HITPOINT WARNING * * *
You kill the centaur!
Okawaru accepts your kill.
Aim: Joseph, wielding a hunting sling and wearing a leather armour You shoot a sling bullet.
The sling bullet hits Joseph but does no damage.
Joseph unwields an uncursed hunting sling.
Joseph wields an uncursed quarterstaff.
Joseph completely misses you.
Aim: Joseph, wielding a quarterstaff and wearing a leather armour You shoot a sling bullet.
The sling bullet closely misses Joseph.
Aim: Joseph, wielding a quarterstaff and wearing a leather armour You shoot a sling bullet.
The sling bullet hits Joseph!
Joseph hits you with an uncursed quarterstaff!
* * * LOW HITPOINT WARNING * * *
Aim: Joseph, wielding a quarterstaff and wearing a leather armour (lightly wounded)
You shoot a sling bullet. The sling bullet hits Joseph.
Aim: Joseph, wielding a quarterstaff and wearing a leather armour (moderately wounded)
You shoot a sling bullet. The sling bullet closely misses Joseph.
Joseph completely misses you.
Aim: Joseph, wielding a quarterstaff and wearing a leather armour (moderately wounded)
You shoot a sling bullet. The sling bullet hits Joseph.
Joseph hits you with an uncursed quarterstaff.
* * * LOW HITPOINT WARNING * * *
You feel much better.
Aim: Joseph, wielding a quarterstaff and wearing a leather armour (moderately wounded)
You shoot a sling bullet.
The sling bullet hits Joseph but does no damage.
Joseph closely misses you.
Aim: Joseph, wielding a quarterstaff and wearing a leather armour (moderately wounded)
You shoot a sling bullet. The sling bullet hits Joseph!
You feel like a meek peon again. Joseph barely misses you.
Aim: Joseph, wielding a quarterstaff and wearing a leather armour (heavily wounded)
You shoot a sling bullet. The sling bullet hits Joseph.
Aim: Joseph, wielding a quarterstaff and wearing a leather armour (heavily wounded)
You shoot a sling bullet. The sling bullet hits Joseph!
Joseph misses you.
Aim: Joseph, wielding a quarterstaff and wearing a leather armour (heavily wounded)
You shoot a sling bullet. The sling bullet hits Joseph!
Joseph hits you with an uncursed quarterstaff.
Your +0 dagger of venom begins to drip with poison!
a - a +0 dagger of venom (weapon)
You hit Joseph.
Joseph is poisoned.
Joseph completely misses you.
You hit Joseph but do no damage.
Joseph looks as sick as possible!
You hit Joseph.
Joseph looks as sick as possible!
Joseph hits you with an uncursed quarterstaff!
* * * LOW HITPOINT WARNING * * *
You closely miss Joseph. You hit Joseph. Joseph completely misses you.
You hit Joseph but do no damage.
Joseph looks as sick as possible!
You hit Joseph but do no damage.
Joseph looks as sick as possible!
Joseph hits you with an uncursed quarterstaff!
You die...

#.. #...#.....#...#.
#.. #. #.....#..#..
#.# ..###.....###...
#..#. #..#...#..#..#
#...###...#.#...###.
#..#...#)..#...#...#
#(#.....#..#..#.....
#.().....#####......
#.#@....#..#..#.....
#..#@..#...#...#...#
#...###...#.#...###.
#..# #..#...#..#..#
#.# ##.....###... #.
#.....#..#.. #.
#.....#...#. #.
.#.#...#.#....
#...#.#...#...


You could see Joseph.

Vanquished Creatures
  The ghost of nicetomeet the Slasher, an amateur BaFi of Okawaru (D:5)
  Grinder (D:6)
  Sigmund (D:6)
  An ice beast (D:6)
  A sky beast (D:6)
  2 ogres
  4 centaurs
  6 bullfrogs
  A water moccasin zombie (D:7)
  2 scorpions (D:5)
  A crimson imp (D:6)
  A howler monkey (D:4)
  A centaur zombie (D:5)
  A bullfrog skeleton (D:5)
  A centaur skeleton (D:5)
  3 orc priests
  Crazy Yiuf (D:3)
  Natasha (twice) (D:2)
  2 iguanas (D:5)
  An orc wizard (D:4)
  4 worker ants (D:5)
  A hound skeleton (D:5)
  Robin (D:1)
  A howler monkey zombie (D:5)
  A worker ant zombie (D:7)
  3 gnolls (D:3)
  5 adders
  A shadow imp (D:5)
  2 oozes
  2 adder skeletons
  A worm (D:2)
  3 dart slugs
  7 leopard geckos
  22 orcs
  4 giant cockroaches
  13 hobgoblins
  8 jackals
  9 quokkas
  A ball python (D:3)
  5 bats
  6 frilled lizards
  16 goblins
  5 kobolds
  6 rats
161 creatures vanquished.

Notes
Turn   | Place    | Note
-------+----------+-------------------------------------------
     0 | D:1      | Gorglomux the Halfling Monk began the quest for the Orb.
     0 | D:1      | Reached XP level 1. HP: 15/15 MP: 1/1
   250 | D:1      | Reached XP level 2. HP: 11/20 MP: 2/2
   728 | D:1      | Reached skill level 3 in Fighting
   841 | D:1      | HP: 4/21 [kobold/short sword (5)]
   842 | D:1      | HP: 1/21 [kobold/short sword (3)]
   959 | D:1      | HP: 5/21 [rat (3)]
  1252 | D:1      | Reached XP level 3. HP: 24/26 MP: 3/3
  1256 | D:1      | Reached skill level 4 in Dodging
  1365 | D:1      | Reached skill level 4 in Short Blades
  1931 | D:2      | Reached XP level 4. HP: 31/31 MP: 4/4
  2330 | D:2      | Noticed Robin
  2383 | D:1      | Killed Robin
  2664 | D:2      | Noticed Natasha
  2676 | D:2      | Killed Natasha
  2676 | D:2      | Reached XP level 5. HP: 36/36 MP: 5/5
  3111 | D:2      | Noticed Natasha
  3127 | D:2      | Killed Natasha
  3127 | D:2      | Reached skill level 1 in Slings
  3383 | D:3      | Reached skill level 5 in Dodging
  3383 | D:3      | Reached XP level 6. HP: 43/43 MP: 6/6
  3473 | D:3      | Reached skill level 2 in Slings
  4051 | D:3      | Reached skill level 5 in Short Blades
  4103 | D:3      | Found a runed door.
  4337 | D:3      | Noticed Crazy Yiuf
  4355 | D:3      | Killed Crazy Yiuf
  4521 | D:4      | Found a basalt altar of Yredelemnul.
  4687 | D:4      | Found a staircase to the Ecumenical Temple.
  4696 | Temple   | Entered the Ecumenical Temple
  4777 | Temple   | Gorglomux: !rng oka oka dith
  4777 | Temple   | beem: The RNG chooses: oka.
  4785 | Temple   | Became a worshipper of Warmaster Okawaru
  4785 | Temple   | Reached * piety under Okawaru
  4785 | Temple   | Reached ** piety under Okawaru
  4867 | D:4      | Reached skill level 3 in Slings
  4881 | D:4      | Reached skill level 4 in Fighting
  4939 | D:4      | Found a shattered altar of Ashenzari.
  5039 | D:4      | Found a white marble altar of Elyvilon.
  5237 | D:4      | Reached XP level 7. HP: 43/48 MP: 7/7
  5695 | D:5      | Entered Level 5 of the Dungeon
  5804 | D:5      | Reached skill level 4 in Slings
  5987 | D:5      | Found a blossoming altar of Fedhas.
  6063 | D:5      | Noticed nicetomeet's ghost (amateur BaFi)
  6138 | D:5      | Reached skill level 6 in Dodging
  6238 | D:5      | Killed nicetomeet's ghost
  6238 | D:5      | Reached skill level 6 in Short Blades
  6238 | D:5      | Reached XP level 8. HP: 19/54 MP: 8/8
  6407 | D:5      | HP: 10/54 [ogre/giant club (27)]
  6409 | D:5      | Reached skill level 5 in Slings
  6817 | D:5      | Reached skill level 5 in Fighting
  6831 | D:5      | Reached *** piety under Okawaru
  7005 | D:5      | Received a gift from Okawaru
  7339 | D:5      | Reached skill level 6 in Slings
  7377 | D:5      | Reached skill level 7 in Dodging
  7634 | D:5      | Reached skill level 7 in Short Blades
  7795 | D:6      | Reached XP level 9. HP: 60/61 MP: 9/9
  7983 | D:6      | Noticed Grinder
  8002 | D:6      | Paralysed by Grinder for 5 turns
  8008 | D:6      | Killed Grinder
  8008 | D:6      | Reached skill level 7 in Slings
  8422 | D:6      | Noticed Sigmund
  8426 | D:6      | Killed Sigmund
  8426 | D:6      | Reached skill level 6 in Fighting
  8427 | D:6      | Found a hide-covered altar of Uskayaw.
  8447 | D:6      | Reached **** piety under Okawaru
  8566 | D:6      | HP: 15/62 [ice beast (9)]
  8710 | D:6      | Reached skill level 8 in Short Blades
  8988 | D:6      | Reached skill level 8 in Slings
  9175 | D:7      | Found an iron altar of Okawaru.
  9275 | D:7      | Reached skill level 8 in Dodging
  9458 | D:7      | Noticed Joseph
  9463 | D:7      | HP: 14/63 [Joseph/quarterstaff (17)]
  9469 | D:7      | HP: 9/63 [Joseph/uncursed quarterstaff (10)]
  9472 | D:7      | HP: 3/63 [Joseph/uncursed quarterstaff (6)]
  9482 | D:7      | HP: 13/63 [Joseph/uncursed quarterstaff (10)]
  9486 | D:7      | Slain by Joseph

Vault maps used:
D:1:      lightli_arrival_maybe_door_vault
D:2:      kennysheep_the_goblin_king, uniq_natasha, uniq_robin
D:3:      first_bread, uniq_crazy_yiuf_cottage
D:4:      kennysheep_ying_yang, gammafunk_temple_overflow_arena,
          minmay_temple_entry_glass, serial_co_window_serial,
          co_window_corner_a, co_window_paths_b, co_window_paths_a,
          co_window_corner_a, co_window_of_opportunity_a, co_window_broadway_a,
          co_window_2corner, co_window_cross_2, co_window_2corner,
          co_window_4corner_a
D:5:      grunt_decor_fettered, fedhas_bush_and_centaur_altar
D:6:      eat_drink_and_be_merry_uskayaw, minmay_strange_pillars, uniq_sigmund,
          uniq_grinder
D:7:      basic_altar, minmay_splitting_lines, grunt_livestock, uniq_joseph
Temple:   compressed_dpeg_circular_temple

Skill      XL: |  1  2  3  4  5  6  7  8  9 |
---------------+----------------------------+-----
Fighting       | 3 4 5 6 |  6.4
Dodging        | 4 5 6 7 8 |  8.1
Short Blades   | 4 5 6 7 8 |  8.3
Slings         | 1 3 4 6 8 |  8.3
Stealth        | |  2.1

Action                   |  1- 3 |  4- 6 |  7- 9 || total
-------------------------+-------+-------+-------++-------
Melee: Short sword       |    64 |       |       ||    64
       Dagger            |    58 |   209 |   331 ||   598
       Punch             |       |       |     3 ||     3
 Fire: Hunting sling     |       |    74 |   227 ||   301
Throw: Stone             |    97 |    53 |    58 ||   208
Invok: Heroism           |       |       |     4 ||     4
  Use: Potion            |     2 |       |     2 ||     4
       Scroll            |       |    10 |     1 ||    11
 Stab: Sleeping          |       |       |     1 ||     1
  Eat: Chunk             |     3 |     8 |    11 ||    22
       Royal jelly       |       |     1 |     1 ||     2
Armor: Robe              |     9 |    12 |    30 ||    51
Dodge: Dodged            |    60 |   129 |   238 ||   427

Vault maps used:
D:1:      lightli_arrival_maybe_door_vault
D:2:      kennysheep_the_goblin_king, uniq_natasha, uniq_robin
D:3:      first_bread, uniq_crazy_yiuf_cottage
D:4:      kennysheep_ying_yang, gammafunk_temple_overflow_arena,
          minmay_temple_entry_glass, serial_co_window_serial,
          co_window_corner_a, co_window_paths_b, co_window_paths_a,
          co_window_corner_a, co_window_of_opportunity_a, co_window_broadway_a,
          co_window_2corner, co_window_cross_2, co_window_2corner,
          co_window_4corner_a
D:5:      grunt_decor_fettered, fedhas_bush_and_centaur_altar
D:6:      eat_drink_and_be_merry_uskayaw, minmay_strange_pillars, uniq_sigmund,
          uniq_grinder
D:7:      basic_altar, minmay_splitting_lines, grunt_livestock, uniq_joseph
Temple:   compressed_dpeg_circular_temple

Table legend:
 A = Turns spent in this place as a percentage of turns spent in the entire game.
 B = Non-inter-level travel turns spent in this place as a percentage of non-inter-level travel turns spent in the entire game.
 C = Inter-level travel turns spent in this place as a percentage of turns spent in this place.
 D = Turns resting spent in this place as a percentage of non-inter-level travel turns spent in this place.
 E = Turns spent auto-exploring this place as a percentage of non-inter-level travel turns spent in this place.
 F = Non-inter-level travel turns spent in this place divided by the number of levels of this place that you've seen.
                   A       B       C       D       E      F
               +-------+-------+-------+-------+-------+----------------------
         Total | 100.0 | 100.0 |   0.3 |   1.4 |   8.9 | 355.4
       Dungeon |  98.6 |  98.6 |   0.2 |   1.5 |   7.7 | 400.6
        Temple |   1.4 |   1.4 |   4.9 |   0.0 |  92.3 |  39.0
               +-------+-------+-------+-------+-------+----------------------

Table legend:
 A = Kills in this place as a percentage of kills in entire the game.
 B = Kills by you in this place as a percentage of kills by you in the entire game.
 C = Kills by friends in this place as a percentage of kills by friends in the entire game.
 D = Other kills in this place as a percentage of other kills in the entire game.
 E = Experience gained in this place as a percentage of experience gained in the entire game.
 F = Experience gained in this place divided by the number of levels of this place that you have seen.
                   A       B       C       D       E      F
               +-------+-------+-------+-------+-------+----------------------
         Total | 100.0 | 100.0 |  -nan |  -nan | 100.0 | 458.0
       Dungeon | 100.0 | 100.0 |  -nan |  -nan | 100.0 | 523.4
               +-------+-------+-------+-------+-------+----------------------
